 Dungeon Crawl Stone Soup version 0.29.1-12-g30fa7ad0bf (webtiles) character file.

Game seed: 8164451184108283191

3 MisterFreud the Twirler (level 1, 0/16 HPs)
             Began as a Formicid Gladiator on Jan 17, 2023.
             Slain by a ball python (1 damage)
             ... on level 1 of the Dungeon.
             The game lasted 00:00:18 (235 turns).

MisterFreud the Twirler (Formicid Gladiator)         Turns: 235, Time: 00:00:19

Health: 0/16       AC:  3    Str: 18    XL:     1   Next: 55%
Magic:  1/1        EV:  9    Int:  7    God:
Gold:   29         SH:  0    Dex: 15    Spells: 0/0 levels left

rFire   . . .      SeeInvis +   a - +0 quarterstaff
rCold   . . .      Faith    .   (no shield)
rNeg    . . .      Spirit   .   b - +0 leather armour
rPois   .          Reflect  .   (helmet unavailable)
rElec   .          Harm     .   (no cloak)
rCorr   .          Rampage  .   (no gloves)
Will    .....                   (no boots)
Stlth   +.........              (no amulet)
HPRegen 0.05/turn               (no ring)
MPRegen 0.07/turn               (no ring)

@: constricted
A: permanent stasis, dig shafts and tunnels, antennae 3, four strong arms
a: Dig, Shaft Self


You were on level 1 of the Dungeon.
You visited 1 branch of the dungeon, and saw 1 of its levels.

You collected 29 gold pieces.

Inventory:

Hand Weapons
 a - a +0 quarterstaff (weapon)
Missiles
 c - 3 throwing nets (quivered)
 d - a javelin
Armour
 b - a +0 leather armour (worn)
Potions
 e - a potion of haste {unknown}


   Skills:
 - Level 2.1 Fighting
 + Level 3.2 Staves
 - Level 2.0 Throwing
 - Level 2.6 Dodging


You couldn't memorise any spells.
You didn't know any spells.
Your spell library was empty.

Dungeon Overview and Level Annotations

Branches:
Dungeon (1/15)

Altars:


Innate Abilities, Weirdness & Mutations

You cannot be hasted, slowed, berserked, paralysed or teleported.
You can dig through walls and to a lower floor.
You have a pair of large antennae on your head. (SInv)
Your four strong arms can wield two-handed weapons with a shield.


Message History

You barely miss the ball python.
The ball python bites you but does no damage.
The ball python constricts you.
The ball python bites you but does no damage.
The ball python constricts you.
There are monsters nearby!
You barely miss the ball python. The ball python bites you. x2
The ball python constricts you. The ball python bites you.
There are monsters nearby!
You barely miss the ball python. The ball python barely misses you.
The ball python constricts you.
The ball python bites you but does no damage.
There are monsters nearby!
You barely miss the ball python. The ball python bites you.
The ball python constricts you.
The ball python bites you but does no damage.
The ball python barely misses you. The ball python constricts you.
There are monsters nearby!
You are too injured to fight recklessly!
There are monsters nearby!
You are too injured to fight recklessly!
You are too injured to fight recklessly!
You hit the ball python but do no damage.
The ball python closely misses you. The ball python bites you.
The ball python constricts you. The ball python closely misses you.
You barely miss the ball python. The ball python barely misses you.
The ball python constricts you.
The ball python bites you but does no damage.
You barely miss the ball python. The ball python closely misses you.
The ball python constricts you.
* * * LOW HITPOINT WARNING * * *
The ball python bites you but does no damage. x2
The ball python constricts you.
* * * LOW HITPOINT WARNING * * *
Unknown command.
Are you sure you want to shaft yourself?
The ball python bites you.
* * * LOW HITPOINT WARNING * * *
The ball python bites you.
You die...

{ # # .# ## ###.# #
.# ##..# .## .♣
##..## #..## .♣
##....###....# .♣
######..#...#(..#
.♣####......###..S..#
....##.###### ##@_.##
.......# #..S..#
....##.# #...#...#
....##.# ....###.....
..####.# ?#..# #..##
.♣# #.# #. ##. .##
.♣# #.# . ## # ..#
#.. ..# #..


You could see 2 ball pythons.

Vanquished Creatures
  A goblin (D:1)
  A ball python (D:1)
  A bat (D:1)
  A rat (D:1)
4 creatures vanquished.

Notes
Turn   | Place    | Note
-------+----------+-------------------------------------------
     0 | D:1      | MisterFreud the Formicid Gladiator began the quest for the
                  | Orb.
     0 | D:1      | Reached XP level 1. HP: 16/16 MP: 1/1
   222 | D:1      | Found a faded altar of an unknown god.
   235 | D:1      | Slain by a ball python

Illustrated notes

Levels and vault maps discovered:
D:1:      sevenhm_arrival_forest_fort_large_3, layout_loops_ring,
          nicolae_ecumenical_snake_handling, kennysheep_crisscross

Action                   || total
-------------------------++-------
Melee: Quarterstaff      ||    18
 Abil: Shaft Self        ||     1
Armor: Leather armour    ||    13
Dodge: Dodged            ||    15
